AoeStats
← JimJimJimmeh

Arabia

510280323Analyzed
1v1 RM · 3d ago on Sep 30, 2026· 15m 50s· 2 players
Game mode
Random Map
Map size
Tiny (2 player)
Population
200
Speed
Normal
Resources
Standard
Victory
Conquest
Starting age
Dark Age
Ending age
Imperial Age
RankedLock teamsTeams togetherTeam positionsShared explorationLock speedFull tech treeHidden civsTurbo modeCheats
Victory
Defeat
🇭🇺 Mongols · Hungary
1257
+14
🇬🇧 Khmer · United Kingdom
1209
-14
JimJimJimmeh
6:21 Loom
9:08 Feudal Age
9:44 Horse Collar
9:55 Double-Bit Axe
10:16 Horse Collar
12:59 Forging
DandaDeKonk
5:12 Loom
8:10 Feudal Age
8:56 Double-Bit Axe
Connection lost

Rejoining the realm…

Still unreachable

The connection could not be restored.

Session expired

The server has moved on; the page needs a fresh start.